 Dungeon Crawl Stone Soup version 0.24-a0-350-g5b3daab8ba (webtiles) character file.

Game seed: 4715661687158253466

2372 vurker the Cleaver (level 9, 0/81 HPs)
             Began as a Minotaur Berserker on May 23, 2019.
             Was a Priest of Trog.
             Shot with a sling bullet by Joseph (10 damage)
             ... on level 7 of the Dungeon.
             The game lasted 00:18:30 (6572 turns).

vurker the Cleaver (Minotaur Berserker)             Turns: 6572, Time: 00:18:31

Health: 0/81       AC: 18    Str: 27    XL:     9   Next: 21%
Magic:  8/8        EV: 10    Int:  4    God:    Trog [***...]
Gold:   331        SH:  4    Dex: 10    Spells: 8/8 levels left

rFire    . . .     SeeInvis .   B - +0 war axe
rCold    . . .     Gourm    .   (no shield)
rNeg     . . .     Faith    .   g - +0 plate armour
rPois    .         Spirit   .   (helmet restricted)
rElec    .         Reflect  .   l - +1 cloak
rCorr    .         Harm     .   (no gloves)
MR       ++...                  (no boots)
Stlth    ..........             (no amulet)
HPRegen  1.23/turn              (no ring)
MPRegen  0.11/turn              (no ring)

@: regenerating
A: retaliatory headbutt, horns 2, large bone plates 1, rugged brown scales 1,
yellow scales 1, strong 1
a: Berserk, Trog's Hand, Renounce Religion


You were on level 7 of the Dungeon.
You worshipped Trog.
Trog was most pleased with you.
You were not hungry.

You visited 1 branch of the dungeon, and saw 7 of its levels.

You collected 331 gold pieces.

Inventory:

Hand Weapons
 B - a +0 war axe (weapon)
   (You found it on level 7 of the Dungeon)
Missiles
 q - 2 throwing nets (quivered) {!f}
Armour
 g - a +0 plate armour (worn)
   (You found it on level 1 of the Dungeon)
 l - a +1 cloak (worn)
   (You took it off Crazy Yiuf on level 3 of the Dungeon)
 s - a +0 pair of boots
   (You found it on level 5 of the Dungeon)
Jewellery
 w - an uncursed ring of flight {unknown}
   (You found it on level 7 of the Dungeon)
 y - an uncursed ring of ice
   (You found it on level 5 of the Dungeon)
 A - an uncursed ring of protection from magic {unknown}
   (You found it on level 6 of the Dungeon)
Scrolls
 b - 3 scrolls of magic mapping
 f - a scroll of fear {unknown}
 h - a scroll of random uselessness {unknown}
 i - a scroll of blinking
 j - a scroll of enchant weapon {unknown}
 n - 2 scrolls of remove curse {@r2}
 p - 3 scrolls of teleportation {unknown}
 u - a scroll of immolation {unknown}
 x - 2 scrolls of identify {@r1}
Potions
 a - a potion of agility {unknown}
 c - a potion of ambrosia
 d - a potion of resistance {unknown}
 k - 5 potions of curing {@q1}
 m - a potion of flight
 o - a potion of invisibility
 r - 3 potions of mutation {!q}
 t - a potion of might {unknown}
 v - a potion of brilliance {unknown}
Comestibles
 e - 11 rations {!d}
 z - 2 chunks of flesh


   Skills:
 + Level 7.5 Fighting
 * Level 10.0 Axes
 + Level 7.0 Armour
 + Level 6.4 Dodging


You had 8 spell levels left.
You didn't know any spells.
Your spell library was empty.

Dungeon Overview and Level Annotations

Branches:
Dungeon (7/15)             Temple (0/1) D:6

Altars:
Cheibriados
Elyvilon
Gozag
Hepliaklqana
Ru
Trog
Vehumet
Xom
The Shining One

Annotations:
D:6 exclusion: statue
D:7 Joseph


Innate Abilities, Weirdness & Mutations

You reflexively headbutt those who attack you in melee.
You have a pair of horns on your head.
You are partially covered in large bone plates. (SH +4)
You are partially covered in rugged brown scales. (AC +1, +3% HP)
You are partially covered in yellow scales. (AC +2)
Your muscles are strong. (Str +2)


Message History

Joseph shoots a sling bullet.
The sling bullet hits you!
* * * LOW HITPOINT WARNING * * *
The sling bullet burns you.
* * * LOW HITPOINT WARNING * * *
You see here a sling bullet.
It was a potion of mutation.
You feel extremely strange.
Large bone plates grow over parts of your arms.
You feel stronger.
Rugged brown scales grow over part of your body.
Yellow scales grow over part of your body.
Joseph shouts, "It's the end of the party!"
Joseph shoots a sling bullet.
The sling bullet hits you!
* * * LOW HITPOINT WARNING * * *
The sling bullet burns you.
* * * LOW HITPOINT WARNING * * *
You feel the effects of Trog's Hand fading.
Found a white marble altar of Elyvilon.
You start resting.
Your skin stops crawling.
You feel less resistant to hostile enchantments.
Joseph is too close now for your liking.
Joseph shoots a sling bullet.
The sling bullet hits you.
* * * LOW HITPOINT WARNING * * *
The sling bullet burns you.
* * * LOW HITPOINT WARNING * * *
You see here a sling bullet.
Joseph shoots a sling bullet.
The sling bullet hits you.
* * * LOW HITPOINT WARNING * * *
The sling bullet burns you.
* * * LOW HITPOINT WARNING * * *
You see here a sling bullet.
Joseph shoots a sling bullet.
The sling bullet hits you.
* * * LOW HITPOINT WARNING * * *
The sling bullet burns you.
* * * LOW HITPOINT WARNING * * *
You see here a sling bullet.
You see here a sling bullet.
You see here a leopard gecko skeleton.
You see here a sling bullet.
Joseph sighs, "Being a guard is usually so boring..."
Joseph shoots a sling bullet.
The sling bullet hits you.
* * * LOW HITPOINT WARNING * * *
The sling bullet burns you.
* * * LOW HITPOINT WARNING * * *
You see here 2 sling bullets.
Your skin crawls.
You feel resistant to hostile enchantments.
You feel somewhat more hungry.
Joseph shoots a sling bullet.
The sling bullet hits you!
You die...

#.##......## #.#
#.# #.#######..#
#.# #.# ##.##
#####.# #.# #.#
..###...###...#.#
#.# #.#
P....._.(.((P.@.#
#.#
.###...###...#.#
#.# ##.## #####.#
#@# #.(...# ##.##
#@##### #...# #(#
#.P.# #.# #...#
#.# ##.####.#
#.(..#.# ####.@.#
#####


You could see Joseph.

Vanquished Creatures
  Grinder (D:4)
  A hippogriff (D:7)
  Menkaure (D:7)
  An ice beast (D:6)
  An orc warrior (D:7)
  2 ogres
  A phantom (D:6)
  4 centaurs
  Blork the orc (D:6)
  2 bullfrogs
  A scorpion (D:6)
  4 wights (D:7)
  2 crimson imps
  A centaur zombie (D:7)
  2 hounds
  An orc wizard (D:5)
  Crazy Yiuf (D:3)
  A gnoll shaman (D:6)
  A bullfrog skeleton (D:6)
  Jessica (D:2)
  A centaur skeleton (D:7)
  Terence (D:3)
  2 iguanas (D:5)
  3 worker ants
  6 gnolls
  4 adders
  A white imp (D:4)
  An adder skeleton (D:7)
  An adder zombie (D:6)
  5 worms
  A dart slug (D:2)
  6 leopard geckos
  17 orcs
  A ball python (D:2)
  5 bats
  4 giant cockroaches
  10 goblins
  5 hobgoblins
  9 jackals (D:5)
  3 quokkas
  6 frilled lizards
  A giant cockroach zombie (D:6)
  A jackal skeleton (D:4)
  9 kobolds
  A quokka zombie (D:5)
  3 rats (D:1)
137 creatures vanquished.

Notes
Turn   | Place    | Note
-------+----------+-------------------------------------------
     0 | D:1      | vurker the Minotaur Berserker began the quest for the Orb.
     0 | D:1      | Reached XP level 1. HP: 19/19 MP: 0/0
   155 | D:1      | Reached skill level 4 in Axes
   155 | D:1      | Reached XP level 2. HP: 24/27 MP: 1/1
   420 | D:1      | Reached XP level 3. HP: 33/33 MP: 2/2
   604 | D:2      | Noticed Jessica
   704 | D:2      | Killed Jessica
   860 | D:2      | Reached ** piety under Trog
  1175 | D:2      | Reached XP level 4. HP: 40/40 MP: 3/3
  1492 | D:2      | Reached skill level 5 in Axes
  1776 | D:3      | Found a runed translucent door.
  1777 | D:3      | Noticed Crazy Yiuf
  1783 | D:3      | Killed Crazy Yiuf
  1904 | D:3      | Noticed a centaur
  1910 | D:3      | Killed a centaur
  1910 | D:3      | Reached XP level 5. HP: 27/47 MP: 4/4
  2204 | D:3      | Found a snail-covered altar of Cheibriados.
  2204 | D:3      | Noticed Terence
  2212 | D:3      | Killed Terence
  2512 | D:3      | Found a shimmering altar of Xom.
  2513 | D:3      | Found a hazy altar of Hepliaklqana.
  2513 | D:3      | Noticed a yak
  2514 | D:3      | Noticed a yak
  2514 | D:3      | Noticed a spectral ugly thing
  2689 | D:3      | Found a bloodstained altar of Trog.
  2689 | D:3      | Found a glowing golden altar of the Shining One.
  2690 | D:3      | Found a sacrificial altar of Ru.
  2723 | D:3      | Reached XP level 6. HP: 55/55 MP: 5/5
  2972 | D:4      | Reached skill level 5 in Fighting
  2972 | D:4      | Reached skill level 6 in Axes
  3086 | D:4      | Noticed Grinder
  3100 | D:4      | Paralysed by Grinder for 3 turns
  3104 | D:4      | Killed Grinder
  3104 | D:4      | Reached XP level 7. HP: 54/61 MP: 6/6
  3129 | D:4      | Found an opulent altar of Gozag.
  3648 | D:4      | Reached skill level 7 in Axes
  3932 | D:5      | Entered Level 5 of the Dungeon
  4325 | D:5      | Reached skill level 5 in Armour
  4366 | D:5      | Reached *** piety under Trog
  4980 | D:6      | Got a warped whip
  5016 | D:6      | Reached skill level 5 in Dodging
  5016 | D:6      | Reached XP level 8. HP: 68/70 MP: 7/7
  5027 | D:6      | Found a staircase to the Ecumenical Temple.
  5035 | D:6      | Reached skill level 8 in Axes
  5041 | D:6      | Noticed Blork the orc
  5043 | D:6      | Killed Blork the orc
  5712 | D:6      | Found a radiant altar of Vehumet.
  5929 | D:7      | Reached skill level 9 in Axes
  6147 | D:7      | Noticed a hippogriff
  6153 | D:7      | Killed a hippogriff
  6191 | D:7      | Reached XP level 9. HP: 78/79 MP: 8/8
  6332 | D:7      | Noticed Menkaure
  6341 | D:7      | Killed Menkaure
  6341 | D:7      | Reached skill level 10 in Axes
  6525 | D:7      | Noticed Joseph
  6537 | D:7      | Gained mutation: You are partially covered in large bone
                  | plates. (SH +4) [potion of mutation]
  6537 | D:7      | Gained mutation: Your muscles are strong. (Str +2) [potion
                  | of mutation]
  6537 | D:7      | Gained mutation: You are partially covered in rugged brown
                  | scales. (AC +1, +3% HP) [potion of mutation]
  6537 | D:7      | Gained mutation: You are partially covered in yellow
                  | scales. (AC +2) [potion of mutation]
  6543 | D:7      | Found a white marble altar of Elyvilon.
  6572 | D:7      | Shot with a sling bullet by Joseph

Levels and vault maps discovered:
D:1:      minmay_arrival_four_houses, layout_basic, serial_park_tiny_1
D:2:      minmay_evil_eye, layout_basic, first_ration,
          kennysheep_generic_room_5, uniq_jessica
D:3:      layout_basic, regret_index_temple_of_mockery,
          nicolae_overflow_crystal_walls,
          chequers_temple_overflow_statue_of_worship, uniq_terence,
          uniq_crazy_yiuf_cottage
D:4:      layout_basic, overflow_temple_1_default, grunt_ministairs_7,
          minmay_misc_feat_chi, minmay_fire_ice_demons, uniq_grinder
D:5:      layout_gridville, corexii_corridor_pit
D:6:      layout_rooms, vehumet_statue, temple_green, uniq_blork_the_orc
D:7:      layout_basic, elyvilon_altar_1, uniq_joseph, uniq_menkaure

Skill      XL: |  1  2  3  4  5  6  7  8  9 |
---------------+----------------------------+-----
Axes           | 4 5 6 7 9 10 | 10.0
Fighting       | 4 5 6 7 |  7.5
Armour         | 3 4 5 6 7 |  7.0
Dodging        | 3 4 5 6 |  6.4

Action                   |  1- 3 |  4- 6 |  7- 9 || total
-------------------------+-------+-------+-------++-------
Melee: Hand axe          |    68 |   101 |   215 ||   384
       Headbutt          |     2 |    11 |    47 ||    60
       War axe           |       |       |    25 ||    25
Invok: Berserk           |     1 |     5 |     3 ||     9
       Trog's Hand       |       |     1 |     3 ||     4
  Use: Scroll            |       |       |     8 ||     8
       Potion            |       |       |     1 ||     1
  Eat: Ration            |     1 |     1 |     1 ||     3
       Chunk             |       |     5 |    12 ||    17
Armor: Animal skin       |     4 |       |       ||     4
       Plate armour      |    23 |    46 |   109 ||   178
Dodge: Dodged            |    29 |    32 |    83 ||   144

Table legend:
 A = Non-vault XP
 B = Vault XP
 C = Vault XP percentage of total XP
 D = Non-vault monster count
 E = Vault monster count
 F = Vault count percentage of total count
                 A         B        C        D         E       F
            +---------+---------+-------+---------+---------+-------
      Total |    2612 |     777 |  22.9 |     117 |      20 |  14.6
            +---------+---------+-------+---------+---------+-------
        D:1 |      43 |       0 |   0.0 |      25 |       0 |   0.0
        D:2 |      17 |      94 |  84.7 |       8 |      11 |  57.9
        D:3 |     159 |      76 |  32.3 |      15 |       2 |  11.8
        D:4 |     189 |     333 |  63.8 |      10 |       5 |  33.3
        D:5 |     248 |       0 |   0.0 |      23 |       0 |   0.0
        D:6 |     877 |      99 |  10.1 |      19 |       1 |   5.0
        D:7 |    1079 |     175 |  14.0 |      17 |       1 |   5.6
            +---------+---------+-------+---------+---------+-------
